AoeStats
← LE | Asav

Arena

506292698Analyzed
1v1 RM · 20d ago on Sep 13, 2026· 41m 21s· 2 players
Game mode
Random Map
Map size
Tiny (2 player)
Population
200
Speed
Normal
Resources
Standard
Victory
Conquest
Starting age
Dark Age
Ending age
Imperial Age
RankedLock teamsTeams togetherTeam positionsShared explorationLock speedFull tech treeHidden civsTurbo modeCheats
Victory
Defeat
🇲🇽 Romans · Mexico
1874
+17
🇵🇪 Poles · Peru
1902
-17
VENÓN | BetoxAOE
8:43 Loom
10:29 Feudal Age
16:09 Castle Age
14:03 Fletching
14:07 Gold Mining
14:03 Double-Bit Axe
14:55 Horse Collar
15:35 Town Watch
17:07 Bow Saw
16:50 Town Watch
19:51 Wheelbarrow
20:03 Heavy Plow
24:28 Hand Cart
27:39 Gold Shaft Mining
30:04 Imperial Age
30:09 Scale Mail Armor
30:20 Forging
30:55 Pikeman
32:34 Conscription
33:16 Capped Ram
33:20 Halberdier
34:01 Squires
33:35 Man-at-Arms
34:17 Heavy Scorpion
36:36 Redemption
36:43 Block Printing
37:35 Ballistics
38:16 Chemistry
39:34 Chain Mail Armor
39:55 Iron Casting
LE | Asav
6:58 Loom
9:20 Feudal Age
9:58 Double-Bit Axe
12:29 Fletching
13:30 Horse Collar
16:46 Town Watch
19:58 Castle Age
21:00 Wheelbarrow
21:09 Heavy Plow
21:43 Bow Saw
24:11 Forging
31:05 Imperial Age
28:47 Scale Mail Armor
30:03 Chain Mail Armor
30:24 Iron Casting
30:16 Pikeman
30:56 Squires
32:11 Conscription
32:31 Crop Rotation
33:55 Chemistry
32:53 Bodkin Arrow
33:12 Masonry
33:39 Hand Cart
33:41 Gold Mining
34:03 Bracer
33:57 Crossbowman
34:43 Thumb Ring
35:34 Scale Barding Armor
35:14 Arbalester
35:56 Padded Archer Armor
35:22 Light Cavalry
36:12 Bloodlines
36:03 Husbandry
37:44 Chain Barding Armor
Connection lost

Rejoining the realm…

Still unreachable

The connection could not be restored.

Session expired

The server has moved on; the page needs a fresh start.